 Dungeon Crawl Stone Soup version 0.31-a0-466-g98c9adc2b6 (webtiles) character file.

Game seed: 8209889191940918022

11691 experimilk the Brawler (level 11, -12/96 HPs)
             Began as a Troll Gladiator on Aug 5, 2023.
             Was an Elder of Hepliaklqana.
             Mangled by a very large slime creature (57 damage)
             ... on level 10 of the Dungeon.
             The game lasted 00:20:45 (8974 turns).

experimilk the Brawler (Troll Gladiator)            Turns: 8974, Time: 00:20:46

Health: -12/96     AC:  7    Str: 28    XL:     11   Next: 52%
Magic:  10/10      EV: 10    Int: 10    God:    Hepliaklqana [****..]
Gold:   681        SH:  0    Dex: 11    Spells: 10/10 levels left

rFire   . .          .
                       - Unarmed
rCold   . . .        (no shield)
rNeg    . . .        C - +0 steam dragon scales
rPois   .            b - +0 hat
rElec   .            w - scarf {repulsion}
rCorr   .            (gloves unavailable)
SInv    .            (boots unavailable)
Will    .....        (no amulet)
Stlth   +            A - +6 ring of intelligence
HPRegen 1.16/turn    O - ring of flight
MPRegen 0.12/turn

%: repel missiles
@: flying, studying Unarmed Combat
A: reduced essence, large, unfitting armour, claws 3, regeneration 1, shaggy fur
1, tough skin 1
a: Renounce Religion, Recall Ancestor, Ancestor Identity, Transference, Idealise


You were on level 10 of the Dungeon.
You worshipped Hepliaklqana.
Hepliaklqana was greatly pleased with you.
You visited 1 branch of the dungeon, and saw 11 of its levels.
You also visited: Bailey.

You collected 681 gold pieces.

Inventory:

Missiles
 c - 3 throwing nets
 d - 5 large rocks (quivered)
 o - 19 boomerangs
 q - 27 poisoned darts
Armour
 a - a +0 robe
 b - a +0 hat (worn)
 k - a scarf of harm
 w - a scarf of repulsion (worn)
 C - +0 steam dragon scales (worn)
Jewellery
 A - a +6 ring of intelligence (left claw)
 O - a ring of flight (right claw)
Wands
 l - a wand of light (14)
 n - a wand of mindburst (28)
 v - a wand of paralysis (21)
 E - a wand of flame (15)
 M - a wand of digging (4)
 Q - a wand of iceblast (2)
Scrolls
 e - 2 scrolls of noise {unknown}
 f - 3 scrolls of enchant armour {unknown}
 g - 5 scrolls of teleportation
 i - 3 scrolls of brand weapon
 j - 3 scrolls of blinking {unknown}
 m - 4 scrolls of immolation {unknown}
 p - 4 scrolls of fog {unknown}
 u - 3 scrolls of fear
 y - a scroll of revelation {unknown}
 F - 2 scrolls of silence {unknown}
 G - a scroll of amnesia {unknown}
 H - a scroll of enchant weapon {unknown}
 P - a scroll of poison {unknown}
Potions
 h - 2 potions of haste
 r - 2 potions of might
 s - a potion of heal wounds
 t - a potion of attraction {unknown}
 x - 2 potions of lignification {unknown}
 z - a potion of enlightenment {unknown}
 B - 3 potions of brilliance
 D - a potion of berserk rage {unknown}
 I - 5 potions of magic
 J - a potion of cancellation {unknown}
 K - 3 potions of curing {unknown}
 L - 2 potions of mutation {unknown}
 N - a potion of ambrosia {unknown}


   Skills:
 + Level 6.6 Fighting
 - Level 10.0 Throwing
 - Level 2.4 Dodging
 * Level 16.0 Unarmed Combat


You had 10 spell levels left.
You didn't know any spells.
Your spell library contained the following spells:

 Spells                   Type           Power      Damage    Failure   Level
 Necrotise                Necr           0%         1d4       36%         1
 Sandblast                Erth           0%         2d4       36%         1
 Cigotuvi's Dreadful Rot  Necr/Pois/Air  0%         N/A       50%         2
 Ensorcelled Hibernation  Hex/Ice        0%         N/A       50%         2
 Passwall                 Tmut/Erth      0%         N/A       50%         2
 Sublimation of Blood     Necr           0%         N/A       50%         2
 Wereblood                Tmut           0%         N/A       50%         2
 Ignite Poison            Fire/Tmut/Pois 0%         N/A       75%         3
 Ozocubu's Armour         Ice            0%         N/A       75%         3
 Stone Arrow              Conj/Erth      0%         3d7       75%         3
 Swiftness                Air            0%         N/A       75%         3
 Vampiric Draining        Necr           0%         2d6       75%         3
 Agony                    Necr           0%         N/A       100%        5
 Freezing Cloud           Conj/Ice/Air   0%         6-21      100%        5
 Ozocubu's Refrigeration  Ice            0%         4d7       100%        7
 Summon Hydra             Summ           0%         N/A       100%        7


Dungeon Overview and Level Annotations

Branches:
Dungeon (11/15)            Temple (0/1) D:4          Bailey (visited)
   Lair: D:8-11         Orc: D:9-12

Altars:
Ashenzari
Fedhas
Hepliaklqana
Nemelex Xobeh
Uskayaw
Xom
Yredelemnul
Zin
Lugonu

Shops:
D:1 ::[(   D:6 [   D:8 *


Innate Abilities, Weirdness & Mutations

Your life essence is reduced to manifest your ancestor. (-10% HP)
You are too large for most types of armour.
You have claws for hands.
Your natural rate of healing is unusually fast.
You are covered in fur. (AC +1)
You have tough skin. (AC +1)


Message History

HP restored.
You start waiting.
Done waiting.
You start waiting.
Done waiting.
There is a stone staircase leading down here.
m - 4 scrolls labelled GISUVV OSISKA (gained 3)
You swap places.
The slime creature quivers.
There are monsters nearby!
There are monsters nearby!
The slime creature quivers.
Wilburh points at the slime creature and mumbles some strange words.
The slime creature easily resists.
The slime creature quivers. x2
The slime creature hits you but does no damage.
Wilburh casts a spell at the slime creature.
The slime creature easily resists.
You claw the slime creature!
The slime creature is moderately wounded.
Two slime creatures merge to form a large slime creature.
You scratch the large slime creature.
The large slime creature is lightly wounded.
You claw the large slime creature!
The large slime creature is moderately wounded.
Two slime creatures merge to form a very large slime creature.
You mangle the very large slime creature!!
The very large slime creature is moderately wounded.
You claw the very large slime creature!
The very large slime creature is heavily wounded.
The very large slime creature hits you!!!
Ouch! That really hurt!
Wilburh hits the slime creature with a +0 dagger of draining.
Wilburh hits the slime creature but does no damage.
You are too injured to fight recklessly!
Unknown command.
The very large slime creature attacks as you move away!
The very large slime creature hits you!!!
Ouch! That really hurt!
You die...

# ##.<.## #.....≈~†..#
#####.....## #..~~~≈~...#
...#.......## #..~≈~~≈..##
............####..~~~~~..#
............'.....~~~≈~..#
##..........####...~~~~..#
##.#.......## #.........#
##.##.....## #.J.......#
...###.....### #@J......#
##.#.........# #.R#######
.............# #.##
###.#.###..### #.#
###..........###.#
<................#
##..#......#.#####
##..##...###.#
.............#


You could see the friendly Wilburh the hexer, a very large slime creature (ally
target) and a slime creature.

Vanquished Creatures
  An orc warlord (Bailey)
  A boulder beetle (D:11)
  A two-headed ogre (D:7)
  Pikel (D:6)
  An orc knight (Bailey)
  A cyclops (D:10)
  2 kobold demonologists (D:10)
  3 polar bears (D:10)
  2 slime creatures (D:10)
  Sigmund (D:4)
  2 wyverns
  A wraith (D:9)
  9 yaks
  An unseen horror simulacrum (D:10)
  A steam dragon (D:4)
  Duvessa (D:7)
  An acid dragon (D:9)
  2 water moccasins (D:7)
  4 orc warriors
  3 black bears
  An ice beast (D:7)
  2 centaurs
  A phantom (D:5)
  A lemure (D:6)
  2 kobold brigands
  Blork the orc (D:4)
  A gnoll sergeant (D:6)
  2 bullfrogs
  4 scorpions
  3 wights (D:7)
  Dowan (D:7)
  6 killer bees
  2 howler monkeys
  4 hounds
  A gnoll bouda (D:5)
  6 orc priests
  2 jellies
  Natasha (D:2)
  4 orc wizards
  9 gnolls
  5 adders
  A white imp (D:10)
  A howler monkey simulacrum (D:10)
  5 ufetubi
  2 worms
  2 dart slugs
  25 orcs
  7 endoplasms
  2 giant cockroaches
  13 goblins
  15 hobgoblins
  2 jackals (D:4)
  A quokka (D:1)
  5 ball pythons
  6 bats
  6 frilled lizards
  20 kobolds
  4 rats
215 creatures vanquished.

Vanquished Creatures (collateral kills)
  A kobold demonologist (D:10)
  A centaur simulacrum (D:10)
  3 yaks (D:9)
  A water moccasin (D:7)
  An orc warrior (D:9)
  An ice beast (D:5)
  An ogre (D:5)
  4 killer bees
  An iguana (D:6)
  3 gnolls
  A white imp (D:10)
  2 orcs
  5 goblins
  A hobgoblin (Bailey)
  6 kobolds
32 creatures vanquished.

Vanquished Creatures (others)
  5 hexers
  2 ancestors
7 creatures vanquished.

Grand Total: 254 creatures vanquished

Notes
Turn   | Place    | Note
-------+----------+-------------------------------------------
     0 | D:1      | experimilk the Troll Gladiator began the quest for the Orb.
     0 | D:1      | Reached XP level 1. HP: 19/19 MP: 0/0
   176 | D:1      | Reached XP level 2. HP: 27/27 MP: 1/1
   226 | D:1      | Found Hasudghi's Antique Weapon Boutique.
   298 | D:1      | Found Hunez's Book Boutique.
   338 | D:1      | Reached skill level 4 in Unarmed Combat
   382 | D:1      | Reached XP level 3. HP: 29/33 MP: 2/2
   417 | D:1      | Found Otimeal's Antique Armour Shop.
   428 | D:1      | Found Fovun's Book Shop.
   677 | D:2      | Noticed Natasha
   681 | D:2      | Killed Natasha
   682 | D:2      | Reached skill level 5 in Unarmed Combat
   682 | D:2      | Reached XP level 4. HP: 34/41 MP: 3/3
  1203 | D:2      | Reached XP level 5. HP: 47/48 MP: 4/4
  1401 | D:3      | Found a faded altar of an unknown god.
  1435 | D:3      | Found a hazy altar of Hepliaklqana.
  1807 | D:3      | Reached skill level 6 in Unarmed Combat
  2176 | D:3      | Became a worshipper of Hepliaklqana the Forgotten
  2258 | D:4      | Noticed Blork the orc
  2263 | D:4      | Killed Blork the orc
  2264 | D:4      | Reached XP level 6. HP: 40/55 MP: 5/5
  2355 | D:4      | Noticed Sigmund
  2411 | D:4      | Identified the +4 ring mail of Naocid {Int+3}
  2453 | D:4      | Reached skill level 7 in Unarmed Combat
  2513 | D:4      | Killed Sigmund
  2581 | D:4      | Found a staircase to the Ecumenical Temple.
  2600 | D:4      | Reached skill level 8 in Unarmed Combat
  2641 | D:4      | Found a glowing silver altar of Zin.
  2693 | D:4      | Noticed a steam dragon
  2700 | D:4      | HP: 1/55 [steam dragon (3)]
  2702 | D:4      | Killed a steam dragon
  2703 | D:4      | Reached XP level 7. HP: 4/62 MP: 6/6
  3077 | D:5      | Entered Level 5 of the Dungeon
  3090 | D:5      | Reached * piety under Hepliaklqana
  3134 | D:5      | Reached skill level 9 in Unarmed Combat
  3325 | D:5      | Reached XP level 8. HP: 63/63 MP: 7/7
  3382 | D:5      | Reached skill level 10 in Unarmed Combat
  4185 | D:6      | Found Ililukku's Armour Emporium.
  4217 | D:6      | Reached skill level 5 in Throwing
  4326 | D:6      | Reached ** piety under Hepliaklqana
  4327 | D:6      | Remembered your ancestor Wilburh as a hexer
  4357 | D:6      | Noticed Pikel
  4375 | D:6      | Killed Pikel
  4376 | D:6      | Reached XP level 9. HP: 55/68 MP: 8/8
  5018 | D:6      | Found a shimmering altar of Xom.
  5018 | D:6      | Found a broken altar of Ashenzari.
  5019 | D:6      | Found a basalt altar of Yredelemnul.
  5095 | D:7      | Found a flagged portal.
  5149 | Bailey   | Entered a bailey
  5158 | Bailey   | Noticed an orc warlord
  5259 | Bailey   | Noticed an orc knight
  5274 | Bailey   | Killed an orc knight
  5383 | Bailey   | Found a runed translucent gate.
  5385 | Bailey   | Found a runed translucent gate.
  5412 | Bailey   | Found a runed translucent gate.
  5485 | Bailey   | Killed an orc warlord
  5486 | Bailey   | Reached skill level 10 in Throwing
  5486 | Bailey   | Reached XP level 10. HP: 65/81 MP: 9/9
  5526 | Bailey   | Acquired a manual of Unarmed Combat
  5543 | D:7      | Found a blossoming altar of Fedhas.
  5549 | D:7      | Found a sparkling altar of Nemelex Xobeh.
  5630 | D:7      | Noticed a two-headed ogre
  5637 | D:7      | Killed a two-headed ogre
  5638 | D:7      | Reached skill level 11 in Unarmed Combat
  5766 | D:7      | Noticed Duvessa
  5767 | D:7      | Noticed Dowan
  5779 | D:7      | Killed Duvessa
  5780 | D:7      | Killed Dowan
  6192 | D:8      | Found Ybbe's Neck Hole.
  6345 | D:8      | Reached skill level 12 in Unarmed Combat
  6539 | D:8      | Reached *** piety under Hepliaklqana
  6900 | D:9      | Reached skill level 5 in Fighting
  6929 | D:9      | Reached skill level 13 in Unarmed Combat
  7170 | D:9      | Found a hide-covered altar of Uskayaw.
  7263 | D:9      | Reached XP level 11. HP: 93/93 MP: 10/10
  7268 | D:9      | Reached skill level 14 in Unarmed Combat
  7764 | D:10     | Entered Level 10 of the Dungeon
  8237 | D:10     | You are sucked into a shaft and drop 1 floor!
  8277 | D:11     | Noticed a boulder beetle
  8302 | D:11     | Killed a boulder beetle
  8303 | D:11     | Reached skill level 15 in Unarmed Combat
  8488 | D:10     | Reached **** piety under Hepliaklqana
  8488 | D:10     | Found a corrupted altar of Lugonu.
  8497 | D:10     | Noticed a sixfirhy
  8678 | D:10     | Reached skill level 16 in Unarmed Combat
  8974 | D:10     | Mangled by a very large slime creature

Illustrated notes

Levels and vault maps discovered:
D:1:      matt_arrival_grand_opening, layout_rooms, serial_shops,
          nicolae_square_shop, nicolae_shop_waterfront,
          nicolae_shop_tiny_waterfront, nicolae_shop_stone
D:2:      layout_rooms, uniq_natasha
D:3:      kennysheep_the_goblin_king, layout_basic,
          nicolae_hepliaklqana_hazy_memory, chequers_ecumenical_altar_island
D:4:      layout_cave_pools, lemuel_tele_altar,
          minmay_temple_entry_enclosed_plants, uniq_sigmund, uniq_blork_the_orc
D:5:      layout_basic
D:6:      layout_loops_ring, gammafunk_temple_overflow_forgotten, serial_shops,
          nicolae_take_the_stairs, uniq_pikel
D:7:      layout_basic, mainiacjoe_overflow_large_starburst, enter_bailey_4,
          patterned_corridor, uniq_duvessa
D:8:      layout_loops_ring, wad_floor_pattern_untrapped, minmay_misc_feat_chi,
          nicolae_shop_sticking_my_neck_out
D:9:      layout_loops_corners, mainiacjoe_overflow_tiny_flanked
D:10:     kennysheep_kobold_lugonu_temple, layout_loops_corners, serial_ice,
          serial_ice_n, serial_ice_b, serial_ice_f, serial_ice_g,
          kennysheep_flooded_box
D:11:     layout_stronghold, david_lair_shrubbed, cheibrodos_ashenzari_chains

Skill      XL: |  1  2  3  4  5  6  7  8  9 10 11 |
---------------+----------------------------------+-----
Unarmed Combat | 4 5 6 8 9 10 13 16 | 16.0
Throwing       | 7 10 | 10.0
Fighting       | 3 5 6 |  6.6
Dodging        | |  2.4

Action                     |  1- 3 |  4- 6 |  7- 9 | 10-12 || total
---------------------------+-------+-------+-------+-------++-------
  Melee: Unarmed           |    62 |   125 |   131 |   140 ||   458
         Punch             |     3 |     3 |     6 |     9 ||    21
  Throw: Throwing net      |       |     1 |     2 |       ||     3
         Large rock        |       |     1 |     1 |     3 ||     5
         Boomerang         |       |       |    54 |    91 ||   145
         Dart              |       |       |    10 |    31 ||    41
 Invoke: Ancestor Life: He |       |       |     1 |       ||     1
         Recall Ancestor   |       |       |       |     1 ||     1
  Evoke: Wand              |       |       |       |     1 ||     1
    Use: Potion            |       |     1 |     1 |       ||     2
         Scroll            |       |     1 |     5 |     3 ||     9
   Stab: Sleeping          |       |     3 |     1 |       ||     4
         Confused          |       |       |     3 |     1 ||     4
         Held in net/web   |       |       |     1 |       ||     1
         Distracted        |       |       |       |     1 ||     1
 Armour: Robe              |    19 |    37 |       |       ||    56
         Steam dragon scal |       |       |    30 |    30 ||    60
  Dodge: Dodged            |    24 |    47 |    56 |    49 ||   176
         Repelled          |       |       |       |     1 ||     1

Table legend: (Time is in decaauts)
 A = Elapsed time spent in this place.
 B = Non-inter-level travel time spent in this place.
 C = Inter-level travel time spent in this place.
 D = Time resting spent in this place.
 E = Time spent auto-exploring this place.
 F = Levels seen in this place.
 G = Mean time per level.
                   A        B        C        D        E       F      G
               +--------+--------+--------+--------+--------+-----+--------+
         Total |   8856 |   8598 |    258 |   1554 |   5210 |  12 |  738.0 |
       Dungeon |   8482 |   8224 |    258 |   1455 |   5210 |  11 |  771.1 |
        Bailey |    373 |    373 |      0 |     99 |      0 |   1 |  373.0 |
               +--------+--------+--------+--------+--------+-----+--------+

Top non-repeatable levels by time:
    D:10: 1041 daAuts
     D:6: 979 daAuts
     D:5: 976 daAuts
     D:9: 935 daAuts
     D:4: 871 daAuts
     D:3: 861 daAuts
     D:7: 754 daAuts
     D:1: 706 daAuts
     D:8: 604 daAuts
     D:2: 602 daAuts
  Bailey: 373 daAuts
    D:11: 149 daAuts
